 Dungeon Crawl Stone Soup version 0.32-a0-908-g8e5f33bbaa (webtiles) character file.

Game seed: 3226954413753453985

61 Kenran the Ruffian (level 3, -1/28 HPs)
             Began as a Demigod Shapeshifter on Apr 6, 2024.
             Slain by Sigmund
             ... wielding a +2 scythe of pain
              (2 damage)
             ... on level 2 of the Dungeon.
             The game lasted 00:02:04 (1302 turns).

Kenran the Ruffian (Demigod Shapeshifter)           Turns: 1302, Time: 00:02:04

Health: -1/28      AC:  4    Str: 19    XL:     3   Next: 58%
Magic:  5/5        EV: 11    Int: 12    God:
Gold:   57         SH:  0    Dex: 16    Spells: 2/2 levels left

rFire   + +          .
                       - Unarmed
rCold   + . .        (no shield)
rNeg    . . .        b - +1 leather armour "Qurhil" {+Blink rF+ Dex+3}
rPois   +            (helmet currently unavailable)
rElec   +            (cloak currently unavailable)
rCorr   +            (gloves currently unavailable)
SInv    .            (boots currently unavailable)
Will    .....        (no amulet)
Stlth   +            (no ring)
HPRegen 0.24/turn    (no ring)
MPRegen 0.09/turn

%: no passive effects
@: brilliant, beast-form, resistant
A: beast (slay +1), high MP 1, forlorn, divine attributes
a: Begin Untransformation, Evoke Blink


You were on level 2 of the Dungeon.
You were a hulking beast.
You visited 1 branch of the dungeon, and saw 2 of its levels.

You collected 57 gold pieces.

Inventory:

Armour
 b - the +1 leather armour "Qurhil" (worn) {+Blink rF+ Dex+3}
   (You found it on level 2 of the Dungeon)

   Dex+3:     It affects your dexterity (+3).
   rF+:       It protects you from fire.
   +Blink:    It lets you blink.
 e - a +0 helmet
Jewellery
 g - a ring of ice
Talismans
 c - a beast talisman (active)
 d - a flux talisman
Scrolls
 i - a scroll of identify {unknown}
Potions
 a - 2 potions of brilliance
 j - a potion of curing {@q1}


   Skills:
 - Level 1.0 Fighting
 - Level 1.7 Dodging
 + Level 4.3 Unarmed Combat
 - Level 2.6 Shapeshifting


You had 2 spell levels left.
You didn't know any spells.
Your spell library was empty.

Dungeon Overview and Level Annotations

Branches:
Dungeon (2/15)

Annotations:
D:2 Sigmund


Innate Abilities, Weirdness & Mutations

You are a hulking beast.
Your limbs bulge with bestial killing power. (Slay +1)
You have an increased reservoir of magic. (+10% MP)
You shall have no god before yourself.
Your divine heritage dramatically boosts your attributes as you level up.


Message History

You kill the bat!
No target in view!
No target in view!
Found a scale mail.
You see here a +0 scale mail.
Found a stone staircase leading down.
An endoplasm comes into view.
The endoplasm quivers.
You hit the endoplasm.
The endoplasm is severely wounded.
The endoplasm barely misses you.
You hit the endoplasm.
You kill the endoplasm!
No target in view!
Found a stone staircase leading down.
There is a stone staircase leading down here.
You now have 31 gold pieces (gained 7).
As you open the door, it creaks loudly!
There is an open door here.
Found 3 stones.
You see here 3 stones.
You now have 47 gold pieces (gained 16).
You now have 57 gold pieces (gained 10).
Sigmund the Dreaded comes into view.
He is wielding a +2 scythe of pain.
Sigmund shouts!
It was a potion of brilliance.
You feel clever all of a sudden.
Sigmund points at you and mumbles some strange words.
The magic dart hits you.
It was a potion of curing.
You feel better.
Sigmund hits you from afar with a +2 scythe of pain!
Sigmund gestures at you while chanting. The puff of flame hits you. You resist.
It was a potion of resistance.
You feel protected.
Sigmund hits you with a +2 scythe of pain!
* * * LOW HITPOINT WARNING * * *
You writhe in agony.
You die...
Sigmund begins carving another notch in his scythe.

########### ..........#
#################.##
#...........(......#
#.##.###############..#
#.##'#### #......#
#.#.....# #h####.#
#.#.....# #@# #.#
#.#.....# ..# #.#
#.#.....# #### #.#
#.#.....# #.# .>##.####
#.# #.##.# #.# #.##.#
..# #.##.# ###


You could see Sigmund.

Vanquished Creatures
  3 gnolls (D:2)
  A dart slug (D:2)
  2 ball pythons (D:2)
  5 bats
  4 endoplasms
  A giant cockroach (D:1)
  A goblin (D:1)
  2 hobgoblins (D:1)
  2 jackals (D:1)
  4 kobolds
  A quokka (D:1)
  4 rats (D:1)
30 creatures vanquished.

Notes
Turn   | Place    | Note
-------+----------+-------------------------------------------
     0 | D:1      | Kenran the Demigod Shapeshifter began the quest for the
                  | Orb.
     0 | D:1      | Reached XP level 1. HP: 15/15 MP: 3/3
    94 | D:1      | Reached skill level 1 in Fighting
   174 | D:1      | Reached skill level 3 in Unarmed Combat
   361 | D:1      | Reached XP level 2. HP: 11/23 MP: 4/4
   963 | D:2      | Reached skill level 4 in Unarmed Combat
   963 | D:2      | Reached XP level 3. HP: 28/28 MP: 5/5
  1051 | D:2      | Identified the +1 leather armour "Qurhil" {+Blink rF+
                  | Dex+3}
  1298 | D:2      | Noticed Sigmund
  1302 | D:2      | HP: 1/28 [Sigmund/+2 scythe of pain (13)]
  1302 | D:2      | Slain by Sigmund

Illustrated notes

Levels and vault maps discovered:
D:1:      denvon_arrival_planthouse, layout_loops_ring
D:2:      minmay_recursive_quarters, layout_basic,
          ebering_ecumenical_altar_sacrificial, minmay_pentomino_v2,
          uniq_sigmund

Skill      XL: |  1  2 |
---------------+-------+-----
Fighting       | 1 |  1.0
Unarmed Combat | 3 4 |  4.3
Dodging        | |  1.7
Shapeshifting  | |  2.6

Action                     || total
---------------------------++-------
  Melee: Unarmed           ||    90
    Use: Potion            ||     4
 Armour: Leather armour    ||    35
         Animal skin       ||     1
         Skin              ||     5
  Dodge: Dodged            ||    51

Table legend: (Time is in decaauts)
 A = Elapsed time spent in this place.
 B = Non-inter-level travel time spent in this place.
 C = Inter-level travel time spent in this place.
 D = Time resting spent in this place.
 E = Time spent auto-exploring this place.
 F = Levels seen in this place.
 G = Mean time per level.
                   A        B        C        D        E       F      G
               +--------+--------+--------+--------+--------+-----+--------+
         Total |   1296 |   1263 |     33 |     85 |    879 |   2 |  648.0 |
       Dungeon |   1296 |   1263 |     33 |     85 |    879 |   2 |  648.0 |
               +--------+--------+--------+--------+--------+-----+--------+

Top non-repeatable levels by time:
     D:1: 855 daAuts
     D:2: 440 daAuts
